 Dungeon Crawl Stone Soup version 0.24-a0-524-gf43b32f898 (webtiles) character file.

Game seed: 15255293073268516955

1472 Gynju the Ruffian (level 8, -19/79 HPs)
             Began as a Troll Hunter on July 31, 2019.
             Demolished by a two-headed ogre
             ... wielding a cursed -3 giant spiked club
              (25 damage)
             ... on level 6 of the Dungeon.
             The game lasted 00:05:27 (4036 turns).

Gynju the Ruffian (Troll Hunter)                    Turns: 4036, Time: 00:05:28

Health: -19/79     AC:  6    Str: 21    XL:     8   Next: 49%
Magic:  7/7        EV: 11    Int:  7    God:
Gold:   148        SH:  0    Dex: 12    Spells: 7/7 levels left

rFire    . . .     SeeInvis .     - Unarmed
rCold    . . .     Gourm    +   (no shield)
rNeg     . . .     Faith    .   b - +0 robe
rPois    +         Spirit   .   (helmet restricted)
rElec    .         Reflect  .   (no cloak)
rCorr    .         Harm     .   (gloves unavailable)
MR       .....                  (boots unavailable)
Stlth    ..........             (no amulet)
HPRegen  0.63/turn              i - ring of poison resistance
MPRegen  0.10/turn              v - ring of attention (curse)

@: no status effects
A: large, unfitting armour, claws 3, fast metabolism 3, gourmand, regeneration
1, shaggy fur 1, tough skin 3
a: no special abilities


You were on level 6 of the Dungeon.
You were completely stuffed.

You visited 1 branch of the dungeon, and saw 6 of its levels.

You collected 148 gold pieces.

Inventory:

Missiles
 c - 5 large rocks (quivered)
 d - 2 throwing nets
 k - 313 stones
 o - 35 poisoned darts
Armour
 b - a +0 robe (worn)
Jewellery
 g - an uncursed ring of fire {unknown}
 i - a ring of poison resistance (left claw)
 n - an uncursed ring of wizardry {unknown}
 v - a cursed ring of attention (right claw)
Wands
 t - a wand of polymorph (6)
Scrolls
 a - 3 scrolls of teleportation
 j - 2 scrolls of amnesia
 l - a scroll of summoning {unknown}
 p - a scroll of remove curse
 q - a scroll of magic mapping {unknown}
 r - 2 scrolls of immolation {unknown}
 x - a scroll of identify {unknown}
Potions
 e - a potion of mutation {unknown}
 h - a potion of resistance {unknown}
 s - a potion of flight {unknown}
 u - a potion of heal wounds
 w - a potion of might {unknown}
 z - a potion of cancellation {unknown}
Comestibles
 f - 10 rations
 m - 6 chunks of flesh


   Skills:
 + Level 4.6 Fighting
 - Level 3.6 Throwing
 + Level 4.5 Dodging
 - Level 0.3 Stealth
 * Level 7.4 Unarmed Combat


You had 7 spell levels left.
You didn't know any spells.
Your spell library contained the following spells:

 Spells                   Type           Power        Failure   Level  Hunger
 Animate Skeleton         Necr           N/A          43%         1    ##.....
 Apportation              Tloc           #.....       43%         1    ##.....
 Confusing Touch          Hex            #.....       43%         1    ##.....
 Summon Small Mammal      Summ           #...         43%         1    ##.....


Dungeon Overview and Level Annotations

Branches:
Dungeon (6/15)
 Temple: D:4-7

Altars:
Elyvilon
Fedhas

Shops:
D:4 !***


Innate Abilities, Weirdness & Mutations

You are too large for most types of armour.
You have claws for hands.
Your metabolism is lightning-fast.
You like to eat raw meat.
Your natural rate of healing is unusually fast.
You are covered in fur. (AC +1)
You have extremely tough skin. (AC +3)


Message History

You are too injured to fight recklessly!
You are too injured to fight recklessly!
You are too injured to fight recklessly!
You closely miss the two-headed ogre.
The two-headed ogre is heavily wounded.
The two-headed ogre hits you with a cursed -3 giant spiked club!
* * * LOW HITPOINT WARNING * * *
The two-headed ogre hits you with a +0 giant club!
* * * LOW HITPOINT WARNING * * *
You claw the two-headed ogre!
The two-headed ogre is severely wounded.
You barely miss the two-headed ogre.
The two-headed ogre is severely wounded.
The two-headed ogre hits you but does no damage.
The two-headed ogre misses you.
You barely miss the two-headed ogre.
The two-headed ogre is severely wounded.
The two-headed ogre barely misses you.
The two-headed ogre hits you with a +0 giant club!!
You die...

### ..# #.# #.#
# #.####.###.#
#..O@......#
#.###...####
#.##.#.#.##
#.#.##.##.##
..........#
#.#.##.##..#####
#.#
#.#...........
## #........####
##.###.#<#


You could see a two-headed ogre.

Vanquished Creatures
  A slime creature (D:5)
  Eustachio (D:4)
  Edmund (D:4)
  A phantom (D:4)
  2 ogres (D:5)
  2 big kobolds (D:5)
  A bullfrog (D:6)
  A howler monkey (D:4)
  2 jellies (D:5)
  A bullfrog skeleton (D:5)
  A centaur skeleton (D:5)
  An iguana (D:5)
  Terence (D:2)
  Jessica (D:2)
  Ijyb (D:3)
  2 orc wizards
  2 worker ants
  Robin (D:2)
  A gnoll (D:1)
  5 adders
  7 oozes
  3 worms
  3 dart slugs
  2 leopard geckos
  8 orcs
  A ball python (D:3)
  6 giant cockroaches
  15 goblins
  13 hobgoblins
  9 jackals
  A quokka (D:3)
  15 bats
  7 frilled lizards
  14 kobolds
  5 rats
138 creatures vanquished.

Vanquished Creatures (others)
  2 fungi (D:5)
  12 toadstools (D:5)
14 creatures vanquished.

Grand Total: 152 creatures vanquished

Notes
Turn   | Place    | Note
-------+----------+-------------------------------------------
     0 | D:1      | Gynju the Troll Hunter began the quest for the Orb.
     0 | D:1      | Reached XP level 1. HP: 19/19 MP: 0/0
    48 | D:1      | Reached skill level 1 in Unarmed Combat
    75 | D:1      | Reached XP level 2. HP: 28/28 MP: 1/1
   228 | D:1      | Reached XP level 3. HP: 35/35 MP: 2/2
   434 | D:1      | Reached skill level 2 in Unarmed Combat
   832 | D:2      | Noticed Robin
   837 | D:2      | Killed Robin
   848 | D:2      | Reached XP level 4. HP: 42/42 MP: 3/3
   941 | D:2      | Noticed Jessica
   948 | D:2      | Killed Jessica
   948 | D:2      | Reached skill level 3 in Unarmed Combat
  1149 | D:2      | Reached XP level 5. HP: 50/50 MP: 4/4
  1239 | D:2      | Noticed Terence
  1248 | D:2      | Killed Terence
  1806 | D:3      | Noticed Ijyb
  1841 | D:3      | Killed Ijyb
  2075 | D:3      | Reached skill level 4 in Unarmed Combat
  2223 | D:3      | Found a white marble altar of Elyvilon.
  2320 | D:4      | Found Qyanan's General Store.
  2357 | D:4      | Found a blossoming altar of Fedhas.
  2388 | D:4      | Found Kixkoj's Assorted Antiques.
  2437 | D:4      | Found Qioreif's Distillery.
  2534 | D:4      | Found Foabbu's Assorted Antiques.
  2582 | D:4      | Noticed Edmund
  2612 | D:4      | Killed Edmund
  2612 | D:4      | Reached XP level 6. HP: 44/61 MP: 5/5
  2865 | D:4      | Reached skill level 5 in Unarmed Combat
  3010 | D:4      | Reached XP level 7. HP: 64/67 MP: 6/6
  3106 | D:5      | Entered Level 5 of the Dungeon
  3106 | D:5      | Noticed Eustachio
  3120 | D:4      | Killed Eustachio
  3268 | D:5      | Reached skill level 6 in Unarmed Combat
  3286 | D:5      | Found a blossoming altar of Fedhas.
  3372 | D:5      | Reached XP level 8. HP: 46/78 MP: 7/7
  3489 | D:5      | Noticed a slime creature
  3543 | D:5      | Killed a slime creature
  3543 | D:5      | Reached skill level 7 in Unarmed Combat
  3897 | D:5      | Found a white marble altar of Elyvilon.
  4025 | D:6      | Noticed a two-headed ogre
  4036 | D:6      | Demolished by a two-headed ogre

Levels and vault maps discovered:
D:1:      dpeg_arrival_rooms_with_view, layout_basic, minmay_door_square,
          nrook_mini_backslash, minivault_24
D:2:      layout_basic, first_ration, minmay_small_reverse_x, uniq_jessica,
          uniq_terence, uniq_robin
D:3:      layout_loops_ring, elyvilon_altar_3, uniq_ijyb
D:4:      layout_cave_pods, serial_shops, shop, nicolae_shop_crystal,
          nicolae_shop_window_shopping,
          nicolae_shop_temple_entry_statues_fountains, fedhas_altar_1,
          uniq_edmund
D:5:      cheibrodos_fertilizer, layout_rooms, lemuel_doored_altar,
          general_overflow_altar, grunt_ministairs_1, uniq_eustachio
D:6:      layout_loops_ring, serial_shops, shop, shop, uniq_crazy_yiuf_cottage,
          uniq_sigmund

Skill      XL: |  1  2  3  4  5  6  7  8 |
---------------+-------------------------+-----
Unarmed Combat | 1 2 3 4 5 6 7 |  7.4
Fighting       | 2 3 4 |  4.6
Dodging        | 2 3 4 |  4.5
Throwing       | |  3.6
Stealth        | |  0.3

Action                   |  1- 3 |  4- 6 |  7- 9 || total
-------------------------+-------+-------+-------++-------
Melee: Unarmed           |   121 |   227 |    98 ||   446
       Short sword       |     6 |       |       ||     6
       Punch             |       |     2 |     3 ||     5
  Use: Scroll            |       |       |     6 ||     6
 Stab: Sleeping          |       |     4 |       ||     4
  Eat: Chunk             |    13 |    17 |    13 ||    43
Armor: Robe              |    77 |    69 |    36 ||   182
       Skin              |       |     6 |       ||     6
Dodge: Dodged            |    78 |   108 |    68 ||   254

Table legend:
 A = Non-vault XP
 B = Vault XP
 C = Vault XP percentage of total XP
 D = Non-vault monster count
 E = Vault monster count
 F = Vault count percentage of total count
                 A         B        C        D         E       F
            +---------+---------+-------+---------+---------+-------
      Total |     938 |    1166 |  55.4 |      95 |      43 |  31.2
            +---------+---------+-------+---------+---------+-------
        D:1 |      66 |       3 |   4.3 |      32 |       2 |   5.9
        D:2 |      45 |     133 |  74.7 |      18 |      19 |  51.4
        D:3 |      72 |      36 |  33.3 |      28 |       1 |   3.4
        D:4 |     242 |     386 |  61.5 |       8 |       4 |  33.3
        D:5 |     417 |     608 |  59.3 |       8 |      17 |  68.0
        D:6 |      96 |       0 |   0.0 |       1 |       0 |   0.0
            +---------+---------+-------+---------+---------+-------
